 Dungeon Crawl Stone Soup version 0.25.1-1-g288607f5aa (webtiles) character file.

Game seed: 10755733505002473527

1205 Curus the Cleaver (level 8, 64/64 HPs)
             Began as a Minotaur Berserker on July 23, 2020.
             Was an Elder of Trog.
             Quit the game on level 6 of the Dungeon.
             The game lasted 00:24:21 (6895 turns).

Curus the Cleaver (Minotaur Berserker)              Turns: 6895, Time: 00:24:21

Health: 64/64      AC: 19    Str: 22    XL:     8   Next: 21%
Magic:  7/7        EV:  6    Int:  6    God:    Trog [****..]
Gold:   240        SH:  5    Dex: 10    Spells: 7/7 levels left

rFire    . . .     SeeInvis .   p - +0 war axe (elec)
rCold    + . .     Gourm    .   d - +2 buckler
rNeg     . . .     Faith    .   x - +5 plate armour "Hoekhiw" {rC+ Slay+3}
rPois    .         Spirit   +   (helmet restricted)
rElec    .         Reflect  .   t - +2 cloak
rCorr    .         Harm     .   (no gloves)
MR       +....                  (no boots)
Stlth    ..........             v - amulet of guardian spirit
HPRegen  0.20/turn              f - ring of protection from magic
MPRegen  0.10/turn              (no ring)

@: no status effects
A: retaliatory headbutt, horns 2
a: Berserk, Trog's Hand, Brothers in Arms, Renounce Religion


You were on level 6 of the Dungeon.
You worshipped Trog.
Trog was greatly pleased with you.
You were not hungry.

You visited 1 branch of the dungeon, and saw 6 of its levels.

You collected 240 gold pieces.

Inventory:

Hand Weapons
 a - a +0 hand axe
 p - a +0 war axe of electrocution (weapon)
 w - the +11 trident of the Known World {antimagic, rPois rN+++ Str-2 Stlth-}
   (You took it off an orc warrior on level 5 of the Dungeon)

   It reduces the magical energy of the wielder, and disrupts the spells and
   magical abilities of those hit.
   Natural abilities and divine invocations are not affected.
   It affects your strength (-2).
   It protects you from poison.
   It renders you almost immune to negative energy.
   It makes you less stealthy.
Armour
 b - a +0 animal skin
 d - a +2 buckler (worn)
 e - a +0 ring mail
 h - a +0 scale mail
 i - a +1 chain mail
 o - a scarf of invisibility
 t - a +2 cloak (worn)
 x - the +5 plate armour "Hoekhiw" (worn) {rC+ Slay+3}
   (You took it off an orc warrior on level 5 of the Dungeon)

   It affects your accuracy and damage with ranged weapons and melee attacks
   (+3).
   It protects you from cold.
Jewellery
 f - a ring of protection from magic (left hand)
 m - an uncursed amulet of the acrobat
 v - an amulet of guardian spirit (around neck)
Wands
 u - a wand of iceblast (12)
Scrolls
 g - 3 scrolls of identify
 j - 2 scrolls of teleportation
 n - a scroll of immolation
 q - a scroll of remove curse
 y - a scroll of fog
Potions
 k - 3 potions of flight
 l - a potion of degeneration
 r - a potion of stabbing
 s - a potion of heal wounds
Comestibles
 c - 6 rations


   Skills:
 - Level 3.6 Fighting
 + Level 12.0 Axes
 - Level 2.4 Armour
 - Level 2.1 Dodging


You had 7 spell levels left.
You didn't know any spells.
Your spell library was empty.

Dungeon Overview and Level Annotations

Branches:
Dungeon (6/15)
 Temple: D:4-7

Altars:
Okawaru
Yredelemnul
Zin
Beogh

Shops:
D:6 [

Annotations:
D:5 TheAraber's ghost, novice GrEE


Innate Abilities, Weirdness & Mutations

You reflexively headbutt those who attack you in melee.
You have a pair of horns on your head.


Message History

Lightning courses through the giant cockroach!
You kill the giant cockroach!
Trog accepts your kill.
You enter the shallow water.
Moving in this stuff is going to be slow.
You enter the shallow water.
Moving in this stuff is going to be slow.
A giant cockroach comes into view.
A leopard gecko comes into view.
The leopard gecko hisses angrily.
You hear an angry hiss.
A leopard gecko comes into view.
The leopard gecko hisses angrily.
You hit the giant cockroach.
The giant cockroach is almost dead.
The giant cockroach bites you but does no damage.
You hit the giant cockroach.
Lightning courses through the giant cockroach!
You kill the giant cockroach!
Trog accepts your kill.
Are you sure you want to abandon this character and quit the game? (Confirm with "yes".)

.........).....................
...#.###...........#####.#######.
...#.# #...#.#.##### #..........
.. #.#####.#.#.## #..#######.
...........# #..# #. ..###...#.#
#..#######. #...#..# ##........##
#.≈#########.........#
#.≈.≈.@≈l≈l##........#
##≈≈≈≈≈≈≈≈≈.##.......#
#########..##.......# .##.......#
#.######## ##'### #.
########....# #. ≈≈≈≈≈≈≈#....# #.
≈≈≈≈≈≈≈....# #.


You could see 2 leopard geckos.

Vanquished Creatures
  Sigmund (D:5)
  Menkaure (D:5)
  An orc warrior (D:5)
  A centaur (D:6)
  A wyvern zombie (D:6)
  Blork the orc (D:4)
  A scorpion (D:4)
  A crimson imp (D:6)
  3 orc priests
  Crazy Yiuf (D:4)
  A centaur skeleton (D:4)
  An iguana (D:6)
  Jessica (D:2)
  2 worker ants (D:4)
  A hound zombie (D:5)
  7 gnolls
  7 adders
  3 oozes
  An adder skeleton (D:4)
  2 worms
  2 dart slugs
  A leopard gecko (D:3)
  16 orcs
  8 giant cockroaches
  10 goblins
  11 hobgoblins
  13 jackals
  4 quokkas
  3 ball pythons
  10 bats
  4 frilled lizards
  8 kobolds
  14 rats
142 creatures vanquished.

Notes
Turn   | Place    | Note
-------+----------+-------------------------------------------
     0 | D:1      | Curus the Minotaur Berserker began the quest for the Orb.
     0 | D:1      | Reached XP level 1. HP: 19/19 MP: 0/0
    84 | D:1      | Reached skill level 4 in Axes
   105 | D:1      | Reached XP level 2. HP: 16/26 MP: 1/1
   672 | D:1      | Reached skill level 5 in Axes
   867 | D:1      | Reached XP level 3. HP: 31/31 MP: 2/2
  1043 | D:2      | Noticed Jessica
  1054 | D:2      | Killed Jessica
  1054 | D:2      | Reached ** piety under Trog
  1206 | D:2      | Reached skill level 6 in Axes
  1206 | D:2      | Reached XP level 4. HP: 39/39 MP: 3/3
  1536 | D:2      | Reached skill level 7 in Axes
  1536 | D:2      | Reached XP level 5. HP: 30/45 MP: 4/4
  2266 | D:2      | Found a basalt altar of Yredelemnul.
  2434 | D:3      | Reached *** piety under Trog
  2870 | D:3      | Found a basalt altar of Yredelemnul.
  2872 | D:3      | Found an iron altar of Okawaru.
  3105 | D:4      | Reached skill level 8 in Axes
  3109 | D:4      | Reached XP level 6. HP: 51/51 MP: 5/5
  3271 | D:4      | Found a glowing silver altar of Zin.
  3856 | D:4      | Found a runed translucent door.
  3857 | D:4      | Noticed Crazy Yiuf
  3875 | D:4      | Reached skill level 9 in Axes
  3962 | D:4      | Noticed Blork the orc
  3970 | D:4      | Killed Blork the orc
  4404 | D:4      | Killed Crazy Yiuf
  4404 | D:4      | Reached XP level 7. HP: 32/57 MP: 6/6
  4749 | D:5      | Entered Level 5 of the Dungeon
  4749 | D:5      | Noticed Menkaure
  4752 | D:5      | Killed Menkaure
  4752 | D:5      | Reached skill level 10 in Axes
  5057 | D:5      | Reached **** piety under Trog
  5261 | D:5      | Noticed TheAraber's ghost (novice GrEE)
  5261 | D:5      | Identified the +11 trident of the Known World {antimagic,
                  | rPois rN+++ Str-2 Stlth-}
  5261 | D:5      | Identified the +5 plate armour "Hoekhiw" {rC+ Slay+3}
  5262 | D:5      | Identified the cursed +1 short sword of Tegeymned
                  | {antimagic, rC+ rN+}
  5263 | D:5      | Found a runed translucent gate.
  5263 | D:5      | Found a runed translucent gate.
  5263 | D:5      | Found a runed translucent gate.
  5264 | D:5      | Found a roughly hewn altar of Beogh.
  5289 | D:5      | Noticed Sigmund
  5293 | D:5      | Killed Sigmund
  5293 | D:5      | Reached skill level 11 in Axes
  5560 | D:5      | HP: 1/57 [TheAraber's ghost/stone arrow (28)]
  6609 | D:6      | Reached XP level 8. HP: 64/64 MP: 7/7
  6642 | D:6      | Found Goleah's Antique Armour Shop.
  6794 | D:6      | Reached skill level 12 in Axes
  6895 | D:6      | Quit the game

Illustrated notes

Levels and vault maps discovered:
D:1:      eino_arrival_water_cross, layout_rooms, chequers_jeans,
          hangedman_decor_growths, roderic_lattice_a, minmay_door_square
D:2:      lemuel_upstairs_altar, layout_basic, uniq_jessica
D:3:      corexii_shack_village, layout_loops_ring,
          nicolae_overflow_hidden_temple, first_ration
D:4:      layout_layer_cave, zin_academy, uniq_crazy_yiuf_cottage,
          uniq_blork_the_orc
D:5:      layout_loops_ring, biasface_ghost_orc_armoury, minmay_misc_feat_cross,
          uniq_menkaure, uniq_sigmund
D:6:      layout_basic, gup_sewer_entry_pipe, serial_shops,
          nicolae_shop_statue_plus

Skill      XL: |  1  2  3  4  5  6  7  8 |
---------------+-------------------------+-----
Axes           | 4 5 6 7 8 9 11 12 | 12.0
Fighting       | |  3.6
Armour         | |  2.4
Dodging        | |  2.1

Action                   |  1- 3 |  4- 6 |  7- 9 || total
-------------------------+-------+-------+-------++-------
Melee: Hand axe          |    67 |   156 |       ||   223
       Headbutt          |    12 |    32 |     9 ||    53
       War axe           |       |    67 |    77 ||   144
Invok: Berserk           |       |     2 |     1 ||     3
       Trog's Hand       |       |     1 |       ||     1
  Use: Potion            |     2 |     5 |     3 ||    10
       Scroll            |     2 |     4 |     5 ||    11
  Eat: Chunk             |     1 |    10 |     1 ||    12
       Ration            |       |     1 |     2 ||     3
Armor: Animal skin       |     3 |       |       ||     3
       Ring mail         |    10 |       |       ||    10
       Scale mail        |     2 |     8 |       ||    10
       Chain mail        |       |    87 |    16 ||   103
       Plate armour      |       |       |     5 ||     5
Dodge: Dodged            |    43 |    79 |    26 ||   148
Block: Buckler           |       |    19 |     7 ||    26
